 Dungeon Crawl Stone Soup version 0.29.0-15-g675c0067aa (webtiles) character file.

Game seed: 1562598168881431490

224 qw the Chopper (level 6, -6/37 HPs)
             Began as a Gargoyle Fighter on Sept 11, 2022.
             Mangled by a gnoll bouda
             ... wielding a +0 whip
              (9 damage)
             ... on level 4 of the Dungeon.
             The game lasted 00:00:59 (2970 turns).

qw the Chopper (Gargoyle Fighter)                   Turns: 2970, Time: 00:01:00

Health: -6/37      AC: 11    Str: 21    XL:     6   Next: 0%
Magic:  6/6        EV: 10    Int:  9    God:
Gold:   156        SH:  4    Dex:  9    Spells: 5/5 levels left

rFire   + . .      SeeInvis .   Y - +0 war axe
rCold   . . .      Faith    .   c - +0 buckler
rNeg    + . .      Spirit   .   j - +0 ring mail {rF+}
rPois   inf        Reflect  .   (no helmet)
rElec   +          Harm     .   (no cloak)
rCorr   .          Rampage  .   h - +0 pair of gloves
Will    +....                   (no boots)
Stlth   ..........              (no amulet)
HPRegen 0.12/turn               e - ring of willpower
MPRegen 0.10/turn               (no ring)

@: weakened
A: sickness immunity, AC +4, negative energy resistance 1, electricity
resistance, torment resistance 1, petrification resistance
a: no special abilities


You were on level 4 of the Dungeon.
You visited 1 branch of the dungeon, and saw 4 of its levels.

You collected 156 gold pieces.


Innate Abilities, Weirdness & Mutations

You are immune to sickness and miasma.
Your stone body is resilient. (AC +4)
You are immune to poison.
You resist negative energy. (rN+)
You are resistant to electric shocks. (rElec)
You are resistant to unholy torment.
You are immune to petrification.


   Skills:
 + Level 3.4 Fighting
 - Level 5.2 Axes
 - Level 3.2 Armour
 - Level 1.1 Dodging
 - Level 3.2 Shields


You had 5 spell levels left.
You didn't know any spells.
Your spell library was empty.

Inventory:

Hand Weapons
 l - a +0 flail
 Y - a +0 war axe (weapon)
Armour
 b - a +0 scale mail
 c - a +0 buckler (worn)
 h - a +0 pair of gloves (worn)
 j - a +0 ring mail of fire resistance (worn)
Jewellery
 a - a ring of ice
 e - a ring of willpower (left hand)
Potions
 d - a potion of might
 f - a potion of brilliance {unknown}
 g - a potion of heal wounds {unknown}
 k - a potion of mutation {unknown}

Dungeon Overview and Level Annotations

Branches:
Dungeon (4/15)
 Temple: D:4-7

Altars:
Nemelex Xobeh


Message History

You hit the gnoll. x2
The gnoll hits you but does no damage.
The gnoll bouda gazes fiercely through you!
You feel as though you will be weak longer.
The gnoll bouda hits you but does no damage.
The gnoll barely misses you. x2; The gnoll hits you with a +0 flail.
You closely miss the gnoll.
The gnoll is heavily wounded.
You slash the gnoll! You closely miss the gnoll bouda.
You barely miss the gnoll.
The gnoll bouda hits you with a +0 whip.
The gnoll barely misses you. The gnoll misses you.
You block the gnoll's attack. The gnoll closely misses you.
The gnoll bouda hits you with a +0 whip!
You slash the gnoll!
You kill the gnoll!
You closely miss the gnoll bouda. You hit the dart slug.
You closely miss the gnoll. You hit the gnoll.
The gnoll is no longer moving quickly.
The gnoll hits you from afar with a +0 spear.
The gnoll hits you but does no damage. The dart slug closely misses you.
The gnoll closely misses you.
The gnoll bouda hits you with a +0 whip.
The gnoll closely misses you.
You slash the gnoll!
You kill the gnoll!
You completely miss the gnoll bouda. You hit the dart slug but do no damage.
You closely miss the gnoll. The gnoll hits you but does no damage.
The dart slug bites you.
The gnoll bouda hits you with a +0 whip.
The gnoll barely misses you.
Your Dodging skill increases to level 1!
You have reached level 6!
You hit the gnoll but do no damage.
The gnoll is heavily wounded.
You hit the gnoll bouda but do no damage.
You barely miss the dart slug.
The gnoll is no longer moving quickly.
You block the gnoll's attack.
The gnoll bouda hits you with a +0 whip!
You die...

####+# +# #.#..
#.. ..#.##...
.........
#.......: ###
####..g.....
#...#..)g)......
.......g@##
.......w..#
.......<..#
......!.......#
.........###.##
#.......## ..
####..### ## ##.
#.


You could see a gnoll bouda, 2 gnolls and a dart slug.

Vanquished Creatures
  2 orc priests (D:3)
  A hound (D:3)
  3 gnolls (D:4)
  An adder (D:2)
  7 worms
  2 dart slugs (D:1)
  5 orcs (D:3)
  5 endoplasms
  4 giant cockroaches
  2 goblins (D:3)
  7 hobgoblins
  7 jackals
  9 kobolds
  2 quokkas
  6 ball pythons
  3 bats
  A frilled lizard (D:1)
  A rat (D:1)
68 creatures vanquished.

Vanquished Creatures (others)
  2 fungi (D:1)
2 creatures vanquished.

Grand Total: 70 creatures vanquished

Notes
Turn   | Place    | Note
-------+----------+-------------------------------------------
     0 | D:1      | qw the Gargoyle Fighter began the quest for the Orb.
     0 | D:1      | Reached XP level 1. HP: 14/14 MP: 1/1
     0 | D:1      | 0 ||| qw: Version: 0.1-a-119-g272c26d
     0 | D:1      | 0 ||| qw: Game counter: 10738
     0 | D:1      | 0 ||| qw: Always use a shield: true
     0 | D:1      | 0 ||| qw: God list: Okawaru
     0 | D:1      | 0 ||| qw: Allow faded altars: false
     0 | D:1      | 0 ||| qw: Do Orc after D:15 true
     0 | D:1      | 0 ||| qw: Do second Lair branch before Depths: true
     0 | D:1      | 0 ||| qw: Lair rune preference: random
     0 | D:1      | 0 ||| qw: Plans: Normal, Zot, God:TSO, Crypt, Tomb, Pan,
                  | Slime, Hells, Zig, Abyss, Orb
     0 | D:1      | 0 ||| PLANNING D:1-11
    33 | D:1      | Reached skill level 2 in Axes
   155 | D:1      | Reached XP level 2. HP: 14/19 MP: 2/2
   253 | D:1      | 253 ||| Stepping ~*~*~tactically~*~*~ (hiding).
   869 | D:1      | Reached skill level 3 in Axes
   943 | D:1      | Reached XP level 3. HP: 23/23 MP: 3/3
   981 | D:1      | Found a faded altar of an unknown god.
  1196 | D:1      | 1196 ||| UPGRADING to ring of willpower.
  1197 | D:1      | 1197 ||| READING scroll labelled ZOIS TO KIOSUE.
  1728 | D:2      | Found a sparkling altar of Nemelex Xobeh.
  2041 | D:2      | 2041 ||| READING 2 scrolls labelled BACKE VOQY.
  2045 | D:2      | 2045 ||| READING scroll labelled ROSELL NEIHOZAE.
  2046 | D:2      | 2046 ||| DRINKING 2 puce potions.
  2047 | D:2      | 2047 ||| DROPPING potion of flight.
  2117 | D:3      | 2117 ||| Stepping ~*~*~tactically~*~*~ (hiding).
  2124 | D:3      | Reached XP level 4. HP: 27/28 MP: 4/4
  2130 | D:3      | Reached skill level 4 in Axes
  2147 | D:3      | 2147 ||| Stepping ~*~*~tactically~*~*~ (stealth).
  2210 | D:3      | 2210 ||| DROPPING +0 whip.
  2233 | D:3      | HP: 7/28 [worm (9)]
  2234 | D:3      | Reached XP level 5. HP: 8/32 MP: 5/5
  2234 | D:3      | 2234 ||| READING scroll of teleportation.
  2684 | D:3      | 2684 ||| Stepping ~*~*~tactically~*~*~ (stealth).
  2722 | D:3      | 2722 ||| Stepping ~*~*~tactically~*~*~ (stealth).
  2732 | D:3      | Reached skill level 5 in Axes
  2738 | D:3      | 2738 ||| FLEEEEING.
  2743 | D:3      | 2743 ||| FLEEEEING.
  2744 | D:3      | 2744 ||| FLEEEEING.
  2745 | D:3      | 2745 ||| STAIRDANCE
  2795 | D:2      | 2795 ||| UPGRADING to +0 pair of gloves.
  2800 | D:2      | 2800 ||| UPGRADING to +0 ring mail of fire resistance.
  2968 | D:4      | HP: 7/32 [gnoll/+0 spear[a gnoll bouda] (2)]
  2969 | D:4      | HP: 2/32 [gnoll bouda/+0 whip (3)]
  2970 | D:4      | Reached skill level 1 in Dodging
  2970 | D:4      | Reached XP level 6. HP: 3/37 MP: 6/6
  2970 | D:4      | Mangled by a gnoll bouda

Levels and vault maps discovered:
D:1:      wander_arrival_fairy_ring, layout_basic,
          shapermc_ecumenical_altar_petra
D:2:      layout_loops_ring, basic_altar
D:3:      minmay_evil_eye, layout_basic
D:4:      layout_rooms, lemuel_tele_altar, mainiacjoe_overflow_24_doors,
          kennysheep_potato

Skill      XL: |  1  2  3  4  5 |
---------------+----------------+-----
Axes           | 2 3 4 5 |  5.2
Dodging        | 1 |  1.1
Fighting       | |  3.4
Armour         | |  3.2
Shields        | |  3.2

Action                   |  1- 3 |  4- 6 || total
-------------------------+-------+-------++-------
Melee: War axe           |   113 |    92 ||   205
  Use: Scroll            |     3 |     1 ||     4
       Potion            |     1 |       ||     1
Armor: Scale mail        |    51 |    43 ||    94
       Ring mail         |       |    15 ||    15
Dodge: Dodged            |    41 |    63 ||   104
Block: Buckler           |    17 |    15 ||    32

Table legend:
 A = Non-vault XP
 B = Vault XP
 C = Vault XP percentage of total XP
 D = Non-vault monster count
 E = Vault monster count
 F = Vault count percentage of total count
                 A         B        C        D         E       F
            +---------+---------+-------+---------+---------+-------
      Total |     303 |      17 |   5.3 |      62 |       6 |   8.8
            +---------+---------+-------+---------+---------+-------
        D:1 |      40 |       0 |   0.0 |      21 |       0 |   0.0
        D:2 |      41 |       0 |   0.0 |      13 |       0 |   0.0
        D:3 |     180 |      17 |   8.6 |      25 |       6 |  19.4
        D:4 |      42 |       0 |   0.0 |       3 |       0 |   0.0
            +---------+---------+-------+---------+---------+-------
